Cogmind - Beta 15 @@@ ROGUE MODE // 2025.06.15 @ 14:51:18 Player: aoemica Result: Heading to fleet! Performance ------------- Evolutions (9) 4500 Regions Visited (29) 5800 Robots Destroyed (184) 920 Value Destroyed (13564) 13564 Prototype IDs (368) 7360 Alien Tech Used (15) 3000 Bonus (73739) 73739 TOTAL SCORE: 108883 Bonus ------- Triggered Max Security 2000 High Alert Combat Kills 3708 Follower Combat Kills 2731 Entered DSFs 500 Network Hubs Disabled 400 Met Zhirov 300 Met Warlord at Base 500 MAIN.C Attacked Warlord 500 Warlord Defense Kills 3376 Built Enhanced Grunts 300 Met R17 at Cetus 500 Found Hidden Lab 3000 Used Core Reset Matrix 3000 Met R17 at Research 2000 Met Warlord at Research 2000 Integrated Exoskeleton 5000 Recovered Sigix Corpse 2000 Destroyed MAIN.C Guards 500 Met MAIN.C 5000 Destroyed MAIN.C Shell 5000 Destroyed MAIN.C 10000 Met Architect 300 Started Test 138-B 500 Destroyed A8 300 Destroyed A6 400 Destroyed A5 500 Destroyed A4 700 Destroyed A3 800 Destroyed A2 1000 Destroyed Architect 15000 Win 3000 Friendly Fire -1076 Cogmind --------- Core Integrity 234/1600 Matter 280/300 Energy 336/340 System Corruption 0% +Membrane Temperature Cool (0) +ITN Movement Walking (30) Location To Fleet Rendezvous Parts ------- > --- POWER (1) -------- Zero-point Reactor > --- PROPULSION (3) --- Sigix Exoskeleton > --- UTILITY (5) ------ Experimental Core Analyzer Improved Armor Integrity Analyzer Experimental Weapon Cycler Advanced Phase Shifter AEGIS Remote Shield > --- WEAPON (2) ------- Sigix Shearcannon > --- INVENTORY (9) ---- Experimental Energy Well (600) Experimental Reaction Control System Improved Potential Cannon Experimental Neutron Missile Launcher Vortex Lance (33) Sigix Corpse Peak State ------------ > --- POWER ------------ Zero-point Reactor > --- PROPULSION ------- Sigix Exoskeleton > --- UTILITY ---------- Experimental Core Analyzer Improved Armor Integrity Analyzer Experimental Weapon Cycler Experimental Reaction Control System AEGIS Remote Shield > --- WEAPON ----------- Sigix Shearcannon > --- INVENTORY -------- Experimental Energy Well Experimental Energy Well Experimental Core Analyzer Transdimensional Reconstructor Transdimensional Reconstructor Improved Potential Cannon Experimental Neutron Missile Launcher Vortex Lance [Rating: 257] Favorites ----------- Power Micro Fission Core Engine Light Ion Engine Power Core Micro Fission Core Reactor Micro Antimatter Reactor Propulsion VTOL Module Treads Light Treads Leg Sigix Exoskeleton Flight Unit VTOL Module Utility Centrium Medium Armor Plating Device Advanced Sensor Array Storage Medium Storage Unit Processor Visual Processing Unit Hackware Advanced Hacking Suite Protection Centrium Medium Armor Plating Weapon Heavy Pick Energy Gun Sigix Sheargun Energy Cannon Sigix Shearcannon Ballistic Gun Light Assault Rifle Ballistic Cannon Compact Linear Accelerator Launcher Long-range Missile Launcher Special Weapon Remote Datajack Slashing Weapon Scythe Piercing Weapon Heavy Pick Build | -11 -10 -9 -8 -7 -7 -6 -6 -6 -6 -6 -5 -5 -5 -5 -4 -4 -4 -4 -4 -3 -3 -3 -3 -2 -2 -2 -1 -1 -1 ------- Run | Yrd Mat Mat Mat Fac DSF Fac Ext Cet Arc Hub Fac Upp Upp Zhi Pro Fac Upp Upp War Pro Res Arm Lab Res Qua Sec Acc Com Ac0 Slots Evolved 18 | . . 2 2 2 . 2 . . . . 2 . . . . 2 . . . . 2 . . 2 . . 2 . . Power 1 | . . . . . . . . . . . . . . . . 1 . . . . . . . . . . . . . Propulsion 6 | . . 2 1 . . 1 . . . . . . . . . 1 . . . . . . . 1 . . . . . Utility 11 | . . . 1 2 . 1 . . . . 2 . . . . . . . . . 2 . . 1 . . 2 . . Weapon . | . . . . . . . . . . . . . . . . . . . . . . . . . . . . . . Parts Attached 150 | . . 4 3 . 10 13 10 3 . . 5 . . 5 . 3 . . 15 . 10 3 2 33 4 7 8 10 2 Power 12 | . . . . . 1 1 1 . . . . . . 1 . . . . 2 . . . . 4 1 . . 1 . Engine . | . . . . . . . . . . . . . . . . . . . . . . . . . . . . . . Core 7 | . . . . . 1 1 1 . . . . . . 1 . . . . 2 . . . . 1 . . . . . Reactor 5 | . . . . . . . . . . . . . . . . . . . . . . . . 3 1 . . 1 . Propulsion 32 | . . 2 1 . 6 4 4 1 . . 1 . . . . 1 . . 4 . 2 . . 5 1 . . . . Treads 3 | . . 2 1 . . . . . . . . . . . . . . . . . . . . . . . . . . Leg . | . . . . . . . . . . . . . . . . . . . . . . . . . . . . . . Wheel . | . . . . . . . . . . . . . . . . . . . . . . . . . . . . . . Hover . | . . . . . . . . . . . . . . . . . . . . . . . . . . . . . . Flight 29 | . . . . . 6 4 4 1 . . 1 . . . . 1 . . 4 . 2 . . 5 1 . . . . Utility 85 | . . 1 1 . 3 5 2 2 . . 4 . . 4 . 1 . . 6 . 6 1 2 24 2 6 5 9 1 Device 43 | . . . . . . 2 . 1 . . 2 . . 2 . . . . 2 . 2 1 . 17 1 2 4 7 . Storage 5 | . . . . . . . . . . . . . . . . . . . . . 3 . . . 1 1 . . . Processor 16 | . . 1 1 . . 1 . . . . . . . . . 1 . . 2 . 1 . . 3 . 3 1 2 . Hackware 7 | . . . . . . 1 1 . . . 1 . . 1 . . . . 1 . . . 1 1 . . . . . Protection 14 | . . . . . 3 1 1 1 . . 1 . . 1 . . . . 1 . . . 1 3 . . . . 1 Artifact . | . . . . . . . . . . . . . . . . . . . . . . . . . . . . . . Weapon 21 | . . 1 1 . . 3 3 . . . . . . . . 1 . . 3 . 2 2 . . . 1 3 . 1 Energy Gun 2 | . . . . . . . . . . . . . . . . . . . . . . . . . . . 2 . . Energy Cannon 3 | . . . . . . . . . . . . . . . . 1 . . . . . 1 . . . 1 . . . Ballistic Gun 3 | . . 1 . . . 1 . . . . . . . . . . . . . . . . . . . . . . 1 Ballistic Cannon 1 | . . . . . . . . . . . . . . . . . . . 1 . . . . . . . . . . Launcher 3 | . . . . . . 1 1 . . . . . . . . . . . . . . 1 . . . . . . . Special Weapon 1 | . . . . . . . . . . . . . . . . . . . 1 . . . . . . . . . . Impact Weapon . | . . . . . . . . . . . . . . . . . . . . . . . . . . . . . . Slashing Weapon 3 | . . . 1 . . 1 1 . . . . . . . . . . . . . . . . . . . . . . Piercing Weapon 5 | . . . . . . . 1 . . . . . . . . . . . 1 . 2 . . . . . 1 . . Special Melee Weapon . | . . . . . . . . . . . . . . . . . . . . . . . . . . . . . . Unidentified Prototypes 30 | . . . . . . . . 1 . . . . . 3 . . . . 6 . 3 3 5 . 1 3 . 3 2 Corrupted Parts 1 | . . . . . . . . . . . . . . . . . . . 1 . . . . . . . . . . System Corruption 3 | . . . . . . . . . . . . . . . . . . . 3 . . . . . . . . . . Parts Lost 14 | . . . . . 3 . 5 3 . . . . . . . . . . 2 . 1 . . . . . . . . Power . | . . . . . . . . . . . . . . . . . . . . . . . . . . . . . . Propulsion 8 | . . . . . 2 . 4 2 . . . . . . . . . . . . . . . . . . . . . Utility 3 | . . . . . . . . 1 . . . . . . . . . . 2 . . . . . . . . . . Weapon 3 | . . . . . 1 . 1 . . . . . . . . . . . . . 1 . . . . . . . . Highest Loss Streak 3 | . . . . . 2 . 2 3 . . . . . . . . . . 1 . 1 . . . . . . . . To Critical Strikes . | . . . . . . . . . . . . . . . . . . . . . . . . . . . . . . Average Backups 6 | 5 3 3 4 5 4 4 4 5 5 5 5 5 5 5 5 4 5 5 5 5 8 8 6 8 8 10 11 8 7 Power . | 1 . . . . . 2 1 1 1 1 1 1 1 1 1 . . . . 1 1 1 1 1 . . . . . Propulsion . | 3 2 1 1 2 1 . . . . . . 1 1 1 1 . . . . 1 1 2 . 1 1 . . . . Utility 2 | . . . 1 2 1 . . 1 1 1 1 1 1 1 1 1 2 2 1 . 2 2 1 2 3 3 6 3 3 Weapon 2 | 1 1 2 1 1 1 1 1 2 3 3 2 2 2 1 1 1 2 2 2 2 2 3 3 2 2 2 3 3 3 Tool/Special . | . . . . . . . . . . . . . . . . . . . . . . . . . . . . . . Unused Backups 15 | . . 2 . . 1 . 3 . . . . . . . . . . . . . 1 1 . . 2 . . 1 4 Power 3 | . . . . . 1 . 2 . . . . . . . . . . . . . . . . . . . . . . Propulsion 1 | . . . . . . . 1 . . . . . . . . . . . . . . . . . . . . . . Utility 8 | . . . . . . . . . . . . . . . . . . . . . 1 1 . . 2 . . 1 3 Weapon 3 | . . 2 . . . . . . . . . . . . . . . . . . . . . . . . . . 1 Tool/Special . | . . . . . . . . . . . . . . . . . . . . . . . . . . . . . . Average Slot Usage (%) 86 | . 57 74 73 69 73 94 96 88 86 86 80 94 94 94 94 94 94 94 93 94 91 94 94 94 94 85 70 68 71 Core 4 | . . . . . 1 6 6 6 6 6 5 5 5 5 5 10 10 10 10 10 9 9 9 5 . . . . . Reactor 2 | . . . . . . . . . . . . . . . . . . . . . . . . 2 7 8 9 9 9 Leg 2 | . 28 22 18 15 10 . . . . . . . . . . . . . . . . . . . . 3 9 9 9 Flight 24 | . . . . . 10 38 38 34 33 33 30 35 35 35 35 35 36 36 33 31 28 28 28 29 30 21 . . . Device 13 | . . . . . . 5 6 5 6 6 6 11 11 11 11 10 10 10 7 10 13 14 13 17 16 20 26 23 26 Storage 1 | . . . . . . . . . . . . . . . . . . . . . 3 4 4 4 4 6 9 1 . Processor 11 | . . 9 10 15 15 13 13 13 13 13 11 11 11 11 11 10 10 10 9 10 9 9 9 8 8 5 . 15 18 Hackware 5 | . . . . . . 4 6 6 6 6 7 11 11 11 11 10 10 10 10 10 9 9 9 8 8 3 . . . Protection 7 | . . . . . 3 13 12 13 13 13 10 11 11 11 11 10 10 10 10 10 8 9 9 7 7 5 . . . Energy Cannon 2 | . . . . . . . . . . . . . . . . . . . . . . 3 4 3 4 5 1 8 8 Slashing Weapon 1 | . . . 6 7 7 10 7 1 . . . . . . . . . . . . . . . . . . . . . Piercing Weapon 3 | . . . . . . . 3 6 6 6 4 5 5 5 5 5 5 4 7 10 7 4 4 4 4 2 . . . Peak Build Rating 257 | 6 4 8 13 13 40 53 55 50 45 45 62 62 62 72 72 87 84 84 136 136 142 141 140 165 170 229 233 257 256 Average Rating 127 | 5 4 7 11 13 19 49 51 45 45 45 49 62 62 66 72 83 84 84 111 136 132 136 133 153 168 187 226 245 255 On Entrance 87 | 6 4 4 8 13 13 31 53 50 45 45 45 62 62 62 72 72 84 84 84 136 136 129 135 137 164 170 224 231 255 Naked Turns . | . . . . . . . . . . . . . . . . . . . . . . . . . . . . . . Heaviest Build 62 | 3 3 3 3 3 27 22 28 22 19 19 20 19 19 21 21 26 26 26 34 29 40 47 46 62 56 58 60 62 59 Greatest Support 63 | 3 3 3 3 3 27 31 31 26 20 20 27 27 20 27 27 34 34 34 49 49 49 51 48 57 63 60 60 60 60 Greatest Overweight (x) 1 | . . . . . . . . . . . . . . . . . . . . . . . . 1 . . . 1 . Average Overweight (x) . | . . . . . . . . . . . . . . . . . . . . . . . . . . . . . . Largest Inventory Capacity 14 | 8 5 5 5 5 5 5 5 5 5 5 5 5 5 5 5 5 5 5 5 5 10 10 10 10 10 14 14 14 9 Average Capacity 7 | 8 5 5 5 5 5 5 5 5 5 5 5 5 5 5 5 5 5 5 5 5 9 10 10 10 10 12 14 9 9 Most Carried 14 | 5 5 5 5 5 5 5 5 5 5 5 5 5 5 5 5 5 5 5 5 5 10 10 10 10 10 14 14 14 9 Average Carried 7 | 3 3 3 4 5 4 4 4 4 5 5 4 5 5 5 5 4 5 5 4 5 8 9 6 9 9 10 13 9 8 Final Capacity 14 | 5 5 5 5 5 5 5 5 5 5 5 5 5 5 5 5 5 5 5 5 5 10 10 10 10 10 14 14 9 9 Final Carried 14 | 3 5 5 5 5 5 5 5 5 5 5 5 5 5 5 5 5 5 5 5 5 10 9 10 10 10 11 14 9 7 Class Distribution -------------------- 24% | Alien-Sigix 23% | Scavenger-Scout 21% | Hacker-Scout 13% | Scout 7% | Hacker-Sprinter 3% | Mutant Dominant Class ---------------- Mutant | -10/Materials Mutant | -9/Materials Mutant | -8/Materials Mutant | -7/Factory Mutant | -7/DSF Scout | -6/Factory Scout | -6/Extension Scavenger-Scout | -6/Cetus Scavenger-Scout | -6/Archives Scavenger-Scout | -6/Hub_04(d) Scavenger-Scout | -5/Factory Hacker-Scout | -5/Upper Caves Hacker-Scout | -5/Upper Caves Hacker-Scout | -5/Zhirov Hacker-Scout | -4/Proximity Caves Hacker-Scout | -4/Factory Hacker-Scout | -4/Upper Caves Hacker-Scout | -4/Upper Caves Hacker-Sprinter | -4/Warlord Hacker-Sprinter | -3/Proximity Caves Scavenger-Scout | -3/Research Scavenger-Scout | -3/Armory Scavenger-Scout | -3/Lab Hacker-Scout | -2/Research Hacker-Scout | -2/Quarantine Alien-Scout | -2/Section 7 Alien-Sigix | -1/Access Alien-Sigix | -1/Command Alien-Sigix | -1/Access_0 Resources | -11 -10 -9 -8 -7 -7 -6 -6 -6 -6 -6 -5 -5 -5 -5 -4 -4 -4 -4 -4 -3 -3 -3 -3 -2 -2 -2 -1 -1 -1 ----------- Run | Yrd Mat Mat Mat Fac DSF Fac Ext Cet Arc Hub Fac Upp Upp Zhi Pro Fac Upp Upp War Pro Res Arm Lab Res Qua Sec Acc Com Ac0 Matter Collected 3915 | 162 50 60 . . . 256 401 30 . . 36 74 . . 70 . . 75 907 . 465 390 . 400 30 275 9 140 85 Remotely . | . . . . . . . . . . . . . . . . . . . . . . . . . . . . . . Salvage Created 12431 | . 53 80 . . . 256 585 . . 111 36 14 . . . . . . 683 . 970 445 . 548 166 882 100 2835 4667 Parts 581 | . 10 4 . . . 14 23 . . 2 . 1 . . . . . . 29 . 35 21 . 19 11 52 9 106 245 Haulers Intercepted 14 | . . 1 . . . 1 1 . . 1 . . . . . . . . . . 6 . . 3 . . 1 . . Recyclers Shooed 5 | . . . . . . . . . . . . . . . . . . . . . 2 . . 1 . . 1 1 . Parts Field Recycled . | . . . . . . . . . . . . . . . . . . . . . . . . . . . . . . Retrieved Matter . | . . . . . . . . . . . . . . . . . . . . . . . . . . . . . . Parts Self-Destructed . | . . . . . . . . . . . . . . . . . . . . . . . . . . . . . . Prevented 1 | . . . . . . . . . . . . . 1 . . . . . . . . . . . . . . . . Kills | -11 -10 -9 -8 -7 -7 -6 -6 -6 -6 -6 -5 -5 -5 -5 -4 -4 -4 -4 -4 -3 -3 -3 -3 -2 -2 -2 -1 -1 -1 ------- Run | Yrd Mat Mat Mat Fac DSF Fac Ext Cet Arc Hub Fac Upp Upp Zhi Pro Fac Upp Upp War Pro Res Arm Lab Res Qua Sec Acc Com Ac0 Combat Hostiles Destroyed 144 | . 3 1 . . . 3 10 . . . . . . . . . . . 29 . 1 9 . 3 3 13 . 22 47 Melee 11 | . . . . . . . 3 . . . . . . . . . . . 1 . 1 . . 3 3 . . . . Guns 4 | . 3 1 . . . . . . . . . . . . . . . . . . . . . . . . . . . Cannons 78 | . . . . . . . . . . . . . . . . . . . . . . . . . . 9 . 22 47 AOE 51 | . . . . . . 3 7 . . . . . . . . . . . 28 . . 9 . . . 4 . . . Classes Destroyed 21 | . 1 2 . . . 1 4 . . . 1 . . . . . . . 3 . 1 2 . . 1 2 . 3 . Worker 4 | . . . . . . . . . . . . . . . . . . . . . 1 . . 1 . . 1 1 . Builder 7 | . . . . . . . 1 . . . . . . . . . . . . . 4 . . . . 1 1 . . Hauler 14 | . . 1 . . . 1 1 . . 1 . . . . . . . . . . 6 . . 3 . . 1 . . Recycler 3 | . . . . . . 1 1 . . . . . . . . . . . . . 1 . . . . . . . . Mechanic 2 | . . . . . . . . . . . 1 . . . . . . . 1 . . . . . . . . . . Operator 5 | . . 1 . . . 1 . . . . . . . . . . . . . . . 2 . . . . . 1 . Drone 1 | . . . . . . . . . . . . . . . . . . . . . . . . . 1 . . . . Watcher 4 | . . . . . . . 2 . . . . . . . . . . . . . 1 . . 1 . . . . . Swarmer 22 | . 3 1 . . . 3 4 . . . . . . . . . . . 6 . . . . 1 . 4 . . . Saboteur 3 | . . . . . . . . . . . . . . . . . . . 3 . . . . . . . . . . Grunt 28 | . . . . . . . 4 . . . . . . . . . . . 15 . 1 7 . . 1 . . . . Brawler 2 | . . . . . . . . . . . . . . . . . . . . . . . . . . . . 2 . Duelist 1 | . . . . . . . . . . . . . . . . . . . . . . 1 . . . . . . . Researcher 1 | . . . . . . . . . . . . . . . . . . . . . . . . . . 1 . . . Sentry 5 | . . . . . . . 2 . . . . . . . . . . . . . . . . 2 . 1 . . . Hunter 4 | . . . . . . . . . . . . . . . . . . . . . . 1 . . 1 . . 2 . Programmer 11 | . . . . . . . . . . . . . . . . . . . 4 . . . . . . 3 . 4 . Behemoth 1 | . . . . . . . . . . . . . . . . . . . . . . . . . . . . 1 . M Guard 2 | . . . . . . . . . . . . . . . . . . . . . . . . . . . . 2 . M Shell/Atk 3 | . . . . . . . . . . . . . . . . . . . . . . . . . . . . 3 . M Shell/Def 4 | . . . . . . . . . . . . . . . . . . . . . . . . . . . . 4 . Enhanced Grunt 31 | . . . . . . . . . . . . . . . . . . . . . . . . . . . . . 31 Enhanced Sentry 5 | . . . . . . . . . . . . . . . . . . . . . . . . . . . . . 5 Enhanced Hunter 4 | . . . . . . . . . . . . . . . . . . . . . . . . . . . . . 4 Combat Programmer 2 | . . . . . . . . . . . . . . . . . . . . . . . . . . . . 2 . Striker 1 | . . . . . . . . . . . . . . . . . . . . . . . . . . 1 . . . Executioner 5 | . . . . . . . . . . . . . . . . . . . 1 . . . . . . 4 . . . Best Kill Streak 21 | . 3 3 . . . 4 4 . . 1 1 . . . . . . . 21 . 2 5 . 2 1 5 1 11 11 Combat Bots Only 21 | . 3 1 . . . 3 3 . . . . . . . . . . . 21 . 1 4 . 2 1 4 . 11 11 Max Kills in Single Turn 4 | . 1 1 . . . 2 3 1 . 1 1 . . . . . . . 4 . 1 3 . 1 1 4 1 2 2 Gunslinging . | . . . . . . . . . . . . . . . . . . . . . . . . . . . . . . Exploded 4 | . . . . . . 2 3 . . . . . . . . . . . 4 . . 3 . . . 4 . . . Melee 1 | . . . . . . . 1 . . . . . . . . . . . 1 . 1 . . 1 1 . . . . Uniques/NPCs Destroyed 10 | . . . . . . . . 1 . . . . . . . . . . . . . . . . . . . 2 7 A7 (-6/Cetus) MAIN.C Shell (-1/Command) MAIN.C (-1/Command) A8 (-1/Access_0) A6 (-1/Access_0) A5 (-1/Access_0) A2 (-1/Access_0) A4 (-1/Access_0) Architect (-1/Access_0) A3 (-1/Access_0) Combat | -11 -10 -9 -8 -7 -7 -6 -6 -6 -6 -6 -5 -5 -5 -5 -4 -4 -4 -4 -4 -3 -3 -3 -3 -2 -2 -2 -1 -1 -1 -------- Run | Yrd Mat Mat Mat Fac DSF Fac Ext Cet Arc Hub Fac Upp Upp Zhi Pro Fac Upp Upp War Pro Res Arm Lab Res Qua Sec Acc Com Ac0 Hostile Shots Fired 1018 | . 5 13 11 . 69 11 110 2 . 3 7 2 2 . 2 2 . 7 31 9 6 5 . . 22 39 58 297 305 Missed 503 | . 1 7 5 . 19 5 53 . . 3 4 1 2 . 2 2 . . 18 7 5 3 . . 16 19 37 111 183 Intercepted 19 | . . . . . . . . . . . . . . . . . . . . . . . . . . . . 19 . Hits 515 | . 4 6 6 . 50 6 57 2 . . 3 1 . . . . . 7 13 2 1 2 . . 6 20 21 186 122 Melee 8 | . . . . . . . . . . . . . . . . . . . . . . 1 . . . . . . 7 Projectile 507 | . 4 6 6 . 50 6 57 2 . . 3 1 . . . . . 7 13 2 1 1 . . 6 20 21 186 115 AOE 10 | . . . . . . . . . . . . . . . . . . . . . . . . . . . . 10 . Critical Strikes 30 | . . . 1 . 1 . 1 2 . . . . . . . . . . . . . . . . 1 . 2 10 12 Actively Blocked 12 | . . . . . . . . . . . . . . . . . . . . . . . . . . . 2 10 . Damage Taken 6945 | . 33 73 88 . 599 101 698 126 . . 63 18 . . . . . 113 465 27 . 25 . 34 118 516 128 2839 881 Core 1807 | . 16 . . . 130 14 104 . . . 43 . . . . . . 28 78 . . . . . 28 136 39 901 290 Absorbed by Shields 2431 | . . . . . 47 . 69 34 . . . . . . . . . . . . . . . . . . 138 1310 833 Redirected to Shielding 170 | . . . . . . . . . . . . 11 . . . . . 11 103 . . . . . . 45 . . . Ignored by Resistances 6355 | . . . . . . . . . . . . . . . . . . . . . . . . . . 136 275 4231 1713 Regen/Repaired (Parts) 761 | . . . . . . . 174 . . . 183 . . . . . . . 29 . 375 . . . . . . . . Core Remaining (%) 82 | 100 93 100 100 . 81 . . . . 86 . . . . 95 . . . . 90 . . 100 . . 52 . . 14 Volleys Fired 348 | . 3 8 . . . 2 13 . . . . . . . . . . 1 45 . . 27 . 1 22 22 18 73 113 Largest 2 | . 2 2 . . . 1 1 . . . . . . . . . . 1 1 . . 1 . 1 1 1 2 2 1 Hottest 200 | . 40 40 . . . 36 43 . . . . . . . . . . 43 43 . . 105 . 60 105 180 200 200 180 Shots Fired 384 | . 6 16 . . . 2 13 . . . . . . . . . . 1 45 . . 27 . 1 22 22 26 90 113 Gun 81 | . 6 16 . . . . . . . . . . . . . . . . . . . . . . . . 25 34 . Cannon 227 | . . . . . . . . . . . . . . . . . . . . . . 15 . . 22 20 1 56 113 Launcher 69 | . . . . . . 2 13 . . . . . . . . . . 1 38 . . 12 . 1 . 2 . . . Special 7 | . . . . . . . . . . . . . . . . . . . 7 . . . . . . . . . . Kinetic 22 | . 6 16 . . . . . . . . . . . . . . . . . . . . . . . . . . . Thermal 47 | . . . . . . . . . . . . . . . . . . . . . . 15 . . 22 10 . . . Explosive 69 | . . . . . . 2 13 . . . . . . . . . . 1 38 . . 12 . 1 . 2 . . . Electromagnetic . | . . . . . . . . . . . . . . . . . . . . . . . . . . . . . . Slashing 239 | . . . . . . . . . . . . . . . . . . . . . . . . . . 10 26 90 113 Robot Hit Streak 25 | . 5 4 . . . 5 6 . . . . . . . . . . . 7 . . 4 . . . 11 6 20 25 Robot Miss Streak 22 | . . 4 . . . . 1 . . . . . . . . . . . 3 . . 1 . . . 2 1 7 22 Penetration Max 1 | . . . . . . . . . . . . . . . . . . . . . . . . . . 1 1 1 1 Secondary Targets 1 | . . 1 . . . . . . . . . . . . . . . . . . . . . . . . . . . Max Gunslinging Chain 1 | . . 1 . . . . . . . . . . . . . . . . . . . . . . . . . . . Shots Hit Robots 306 | . 5 8 1 . . 13 21 7 . 2 2 1 . . . . . . 23 . 27 7 . 12 3 9 1 69 95 Core Hits 667 | . 5 5 . . . 7 29 4 . 1 . 1 . . . . . . 118 . 13 18 . 9 2 26 2 149 278 Critical Kills . | . . . . . . . . . . . . . . . . . . . . . . . . . . . . . . Critical Parts Destroyed 1 | . . 1 . . . . . . . . . . . . . . . . . . . . . . . . . . . Critical Strikes 33 | . . 1 . . . 2 3 1 . . . . . . . . . . . . 1 . . 2 . 2 . 7 14 Destroy 1 | . . 1 . . . . . . . . . . . . . . . . . . . . . . . . . . . Sever 28 | . . . . . . 2 2 1 . . . . . . . . . . . . . . . . . 2 . 7 14 Impale 4 | . . . . . . . 1 . . . . . . . . . . . . . 1 . . 2 . . . . . Melee Attacks 307 | . . . 6 . . 28 23 8 . 6 13 22 8 . . 5 5 11 25 3 52 13 6 16 27 23 4 3 . Impact . | . . . . . . . . . . . . . . . . . . . . . . . . . . . . . . Slashing 50 | . . . 6 . . 28 11 5 . . . . . . . . . . . . . . . . . . . . . Piercing 240 | . . . . . . . 12 3 . 6 13 22 8 . . 5 5 11 20 3 47 13 6 16 27 23 . . . Entropic 17 | . . . . . . . . . . . . . . . . . . . 5 . 5 . . . . . 4 3 . Sneak Attacks 41 | . . . . . . 6 6 2 . 1 1 . . . . . . . . . 14 1 . 7 3 . . . . Combat Hostiles 9 | . . . . . . . 3 . . . . . . . . . . . . . 1 . . 2 3 . . . . Follow-up Attacks 7 | . . . . . . 2 1 1 . . . . . . . . . . . . 3 . . . . . . . . Damage Inflicted 57362 | . 48 82 45 . . 872 2027 272 . 124 130 103 . . . . . . 5995 . 1713 2274 . 1260 371 2645 388 15102 23911 Guns 1835 | . 48 82 . . . . . . . . . . . . . . . . . . . . . . . . . 1705 . Cannons 39828 | . . . . . . . . . . . . . . . . . . . . . . 324 . . . 1984 248 13361 23911 Explosions 10050 | . . . . . . 229 1184 . . . . . . . . . . . 5933 . . 1864 . 235 . 605 . . . Melee 5417 | . . . 45 . . 643 843 272 . 124 130 103 . . . . . . 62 . 1713 86 . 1025 371 . . . . Ramming 232 | . . . . . . . . . . . . . . . . . . . . . . . . . . 56 140 36 . Kinetic 130 | . 48 82 . . . . . . . . . . . . . . . . . . . . . . . . . . . Thermal 324 | . . . . . . . . . . . . . . . . . . . . . . 324 . . . . . . . Explosive 10050 | . . . . . . 229 1184 . . . . . . . . . . . 5933 . . 1864 . 235 . 605 . . . Electromagnetic . | . . . . . . . . . . . . . . . . . . . . . . . . . . . . . . Impact . | . . . . . . . . . . . . . . . . . . . . . . . . . . . . . . Slashing 42446 | . . . 45 . . 643 389 160 . . . . . . . . . . . . . . . . . 1984 248 15066 23911 Piercing 4104 | . . . . . . . 454 112 . 124 130 103 . . . . . . 62 . 1637 86 . 1025 371 . . . . Entropic 76 | . . . . . . . . . . . . . . . . . . . . . 76 . . . . . . . . Highest Corruption 5 | . . 4 . . . . . . . . . . . . . . . . 5 5 . . . . . . . . . Average Corruption 3 | . . 3 . . . . . . . . . . . . . . . . 3 5 . . . . . . . . . Corruption Purged . | . . . . . . . . . . . . . . . . . . . . . . . . . . . . . . Corruption Blocked . | . . . . . . . . . . . . . . . . . . . . . . . . . . . . . . Effects 16 | . . 2 . . . . . . . . . . . . . . . . 9 5 . . . . . . . . . Message Errors 2 | . . . . . . . . . . . . . . . . . . . 2 . . . . . . . . . . Matter Fused 4 | . . 1 . . . . . . . . . . . . . . . . 2 1 . . . . . . . . . Heat Flow Errors 6 | . . 1 . . . . . . . . . . . . . . . . 3 2 . . . . . . . . . Energy Discharges 1 | . . . . . . . . . . . . . . . . . . . 1 . . . . . . . . . . Parts Rejected 1 | . . . . . . . . . . . . . . . . . . . 1 . . . . . . . . . . Data Loss (minor) 1 | . . . . . . . . . . . . . . . . . . . . 1 . . . . . . . . . Data Loss (major) 1 | . . . . . . . . . . . . . . . . . . . . 1 . . . . . . . . . Overload Shots . | . . . . . . . . . . . . . . . . . . . . . . . . . . . . . . Overflow Damage 1238 | . . . 35 . . 124 71 . . . 75 . . . . . . . 131 . 175 193 . 71 67 94 8 33 161 Projectiles 280 | . . . . . . . . . . . . . . . . . . . . . . 12 . . . 67 7 33 161 Explosions 383 | . . . . . . . 6 . . . . . . . . . . . 131 . . 181 . 38 . 27 . . . Melee 575 | . . . 35 . . 124 65 . . . 75 . . . . . . . . . 175 . . 33 67 . 1 . . Knockbacks 1 | . . . . . . . . . . . . . . . . . . . . . . . . . . . . 1 . Impact 1 | . . . . . . . . . . . . . . . . . . . . . . . . . . . . 1 . Kinetic . | . . . . . . . . . . . . . . . . . . . . . . . . . . . . . . Secondary . | . . . . . . . . . . . . . . . . . . . . . . . . . . . . . . Self-Inflicted Damage 171 | . . . . . . . 33 . . . . . . . . . . . 138 . . . . . . . . . . Shots 3 | . . . . . . . 1 . . . . . . . . . . . 2 . . . . . . . . . . Rammed . | . . . . . . . . . . . . . . . . . . . . . . . . . . . . . . Targets Rammed 5 | . . . . . . . . . . . . . . . . . . . . . . . . . . 1 3 1 . Kicked 5 | . . . . . . . . . . . . . . . . . . . . . . . . . . 1 3 1 . Crushed . | . . . . . . . . . . . . . . . . . . . . . . . . . . . . . . Highest Temperature 249 | . . 236 . . . 136 170 27 6 25 12 11 . . . 4 4 4 249 193 . 128 . 19 141 131 . 7 . Average Temperature 30 | . . 124 . . . 36 38 7 3 6 1 8 . . . 2 2 2 31 98 . 43 . 4 45 27 . 5 . Received Heat Transfer 709 | . . 18 54 . 111 . 123 22 . . 18 . . . . . . . 18 9 . . . . 9 45 . 168 114 Siege Activations . | . . . . . . . . . . . . . . . . . . . . . . . . . . . . . . Martial Activations . | . . . . . . . . . . . . . . . . . . . . . . . . . . . . . . Shielding Activations . | . . . . . . . . . . . . . . . . . . . . . . . . . . . . . . Robots Disrupted . | . . . . . . . . . . . . . . . . . . . . . . . . . . . . . . Combat Hostiles . | . . . . . . . . . . . . . . . . . . . . . . . . . . . . . . Robots Corrupted 1 | . . . . . . . . . . . . . . . . . . . . . . . . . . . 1 . . Combat Hostiles . | . . . . . . . . . . . . . . . . . . . . . . . . . . . . . . Parts Fried 1 | . . . . . . . . . . . . . . . . . . . . . . . . . . . 1 . . Impact Corruptions 1 | . . . . . . . . . . . . . . . . . . . . . . . . . . . 1 . . Robots Melted . | . . . . . . . . . . . . . . . . . . . . . . . . . . . . . . Combat Hostiles . | . . . . . . . . . . . . . . . . . . . . . . . . . . . . . . Parts Melted 1 | . . . . . . . . . . . . . . . . . . . . . . . . . . . . 1 . Heat Transferred 296 | . . . . . . . . . . . . . . . . . . . . . . 296 . . . . . . . Parts Sabotaged 2 | . . . . . . . . . . . . . . . . . . . . . . 2 . . . . . . . Parts Stolen . | . . . . . . . . . . . . . . . . . . . . . . . . . . . . . . Parts Stripped . | . . . . . . . . . . . . . . . . . . . . . . . . . . . . . . Power Chain Reactions 1 | . . . . . . . . . . . . . . . . . . . . . . 1 . . . . . . . Alert | -11 -10 -9 -8 -7 -7 -6 -6 -6 -6 -6 -5 -5 -5 -5 -4 -4 -4 -4 -4 -3 -3 -3 -3 -2 -2 -2 -1 -1 -1 ------- Run | Yrd Mat Mat Mat Fac DSF Fac Ext Cet Arc Hub Fac Upp Upp Zhi Pro Fac Upp Upp War Pro Res Arm Lab Res Qua Sec Acc Com Ac0 Maximum Alert Level 5 | . . . . . . . 2 1 1 . . . . . . . . . . . . 3 . 1 2 5 5 5 . Low Security (%) 52 | 100 100 100 100 100 100 100 82 . 48 100 100 . . . . 100 . . . . 100 38 . 68 15 . . . . Level 1 16 | . . . . . . . 11 100 51 . . . . . . . . . . . . 7 . 31 77 30 . . . Level 2 4 | . . . . . . . 5 . . . . . . . . . . . . . . 11 . . 7 36 . . . Level 3 5 | . . . . . . . . . . . . . . . . . . . . . . 41 . . . 3 48 . . Level 4 3 | . . . . . . . . . . . . . . . . . . . . . . . . . . . 14 16 . Level 5 14 | . . . . . . . . . . . . . . . . . . . . . . . . . . . . 83 . High Security . | . . . . . . . . . . . . . . . . . . . . . . . . . . . . . . Max Security 3 | . . . . . . . . . . . . . . . . . . . . . . . . . . 29 37 . . Peak Influence 1927 | . 61 27 2 14 25 91 474 362 313 116 186 . . . . 105 . . . . 139 830 . 289 420 1838 1927 1670 . Initial 1162 | . . 25 . . 5 2 5 258 136 42 23 . . . . 2 . . . . 47 53 . . 99 229 1102 1162 . Average 328 | . 10 13 . 10 10 40 100 275 202 77 32 . . . . 61 . . . . 95 453 . 142 293 844 1328 1496 . Influence Increases 12728 | . 71 32 4 18 30 192 1103 294 207 156 261 . 15 . 90 159 . 90 1527 120 367 1065 . 484 532 930 832 1652 2497 Destroy 0b10 Robot/C 3320 | . 60 20 . . . 60 460 160 80 20 . . . . . . . . 900 . 20 320 . 80 40 280 240 580 . Destroy 0b10 Robot/NC 265 | . . 10 . . . 15 35 10 . 5 5 . . . . . . . 10 . 65 10 . 25 5 5 25 40 . Destroy Leader 360 | . 10 2 . . . 12 56 . . 12 . . . . . . . . . . 14 70 . 38 . 20 62 64 . Allied During Kill 836 | . . . . . . . 103 116 80 22 . . . . . . . . 182 . . 122 . 21 . . 49 141 . Successful Hack 605 | . . . . 18 . 28 13 . . 24 54 . . . . 16 . . . . 124 60 . 80 100 88 . . . Select Force Hacks 50 | . . . . . . . . . . 50 . . . . . . . . . . . . . . . . . . . Disable Machine 795 | . . . . . . 30 60 . 45 . . . . . . 15 . . . . . 120 . . 60 165 120 60 120 Anti-Garrison Action 50 | . . . . . . . . . . . . . . . . . . . . . . . . . . . . 50 . Destroy Structure 3867 | . 1 . 4 . . 17 121 8 2 8 22 . . . . 8 . . . . 24 228 . 105 102 177 186 537 2317 Partial Spotted 435 | . . . . . . 30 45 . . . 15 . . . . 30 . . . . 15 30 . 30 15 45 75 45 60 Lose Combat Pursuer 2145 | . . . . . 30 . 210 . . 15 165 . 15 . 90 90 . 90 435 120 105 105 . 105 210 150 75 135 . Influence Decreases 11693 | . 10 93 4 10 33 185 653 414 428 229 123 186 10 5 85 123 41 90 393 1184 335 359 808 306 301 380 1436 1065 2404 Entered New Map 6724 | . . 36 . . 3 3 7 204 206 79 25 69 . 5 . 3 16 . . 1134 23 49 808 . 79 180 736 655 2404 Time Decay 3439 | . 10 57 4 10 . 172 426 120 222 50 98 117 10 . 85 120 25 90 293 50 302 230 . 246 222 190 120 170 . Lost Part 134 | . . . . . 30 . 44 30 . . . . . . . . . . 20 . 10 . . . . . . . . Lost Ally 1396 | . . . . . . 10 176 60 . 100 . . . . . . . . 80 . . 80 . 60 . 10 580 240 . Squads Dispatched 63 | . . . 1 . 1 3 2 . . 1 3 . . . . 1 . . . . 7 4 . . 5 15 14 6 . Investigation 7 | . . . . . . . 1 . . 1 . . . . . . . . . . 3 . . . 2 . . . . Extermination 12 | . . . . . . 1 . . . . 2 . . . . 1 . . . . . 2 . . 2 2 1 1 . Reinforcement 16 | . . . 1 . 1 2 1 . . . 1 . . . . . . . . . 4 2 . . 1 . 1 2 . Assault 28 | . . . . . . . . . . . . . . . . . . . . . . . . . . 13 12 3 . Garrison . | . . . . . . . . . . . . . . . . . . . . . . . . . . . . . . Intercept . | . . . . . . . . . . . . . . . . . . . . . . . . . . . . . . Searches Triggered . | . . . . . . . . . . . . . . . . . . . . . . . . . . . . . . Construction Impeded 1 | . . . . . . . 1 . . . . . . . . . . . . . . . . . . . . . . Haulers Reinforced 3 | . . . . . . . . . . . . . . . . . . . . . 2 . . . . . 1 . . Active Scanning Responses . | . . . . . . . . . . . . . . . . . . . . . . . . . . . . . . Cargo Convoy Interrupts . | . . . . . . . . . . . . . . . . . . . . . . . . . . . . . . Stealth | -11 -10 -9 -8 -7 -7 -6 -6 -6 -6 -6 -5 -5 -5 -5 -4 -4 -4 -4 -4 -3 -3 -3 -3 -2 -2 -2 -1 -1 -1 --------- Run | Yrd Mat Mat Mat Fac DSF Fac Ext Cet Arc Hub Fac Upp Upp Zhi Pro Fac Upp Upp War Pro Res Arm Lab Res Qua Sec Acc Com Ac0 Distress Signals 62 | . . 2 1 . . 1 2 2 . 2 2 . . . . . . . . . 5 4 . 14 1 2 2 22 . Communications Jammed . | . . . . . . . . . . . . . . . . . . . . . . . . . . . . . . Distress Signals . | . . . . . . . . . . . . . . . . . . . . . . . . . . . . . . Times Spotted 477 | . 4 12 7 . 9 9 41 10 2 4 15 4 1 . 3 8 . 10 104 9 10 27 . 17 20 27 24 40 60 Peak Tracking Total 16 | . 4 8 5 . 7 3 6 5 2 3 10 5 1 . 5 6 . 5 16 5 5 8 . 9 12 7 10 15 5 Tactical Retreats 59 | . . . . . 2 . 8 . . 1 3 . 1 . 2 2 . 2 9 4 3 3 . 3 5 7 2 2 . Traps | -11 -10 -9 -8 -7 -7 -6 -6 -6 -6 -6 -5 -5 -5 -5 -4 -4 -4 -4 -4 -3 -3 -3 -3 -2 -2 -2 -1 -1 -1 ------- Run | Yrd Mat Mat Mat Fac DSF Fac Ext Cet Arc Hub Fac Upp Upp Zhi Pro Fac Upp Upp War Pro Res Arm Lab Res Qua Sec Acc Com Ac0 Traps Triggered 11 | . . 2 . . 1 . 3 . . . . . . . . . . . . . 2 2 . . . . . 1 . Indirectly . | . . . . . . . . . . . . . . . . . . . . . . . . . . . . . . Trap Hack Attempts . | . . . . . . . . . . . . . . . . . . . . . . . . . . . . . . Triggered . | . . . . . . . . . . . . . . . . . . . . . . . . . . . . . . Disarmed . | . . . . . . . . . . . . . . . . . . . . . . . . . . . . . . Reprogrammed . | . . . . . . . . . . . . . . . . . . . . . . . . . . . . . . Reused . | . . . . . . . . . . . . . . . . . . . . . . . . . . . . . . Traps Extracted . | . . . . . . . . . . . . . . . . . . . . . . . . . . . . . . Installed . | . . . . . . . . . . . . . . . . . . . . . . . . . . . . . . Triggered . | . . . . . . . . . . . . . . . . . . . . . . . . . . . . . . Machines | -11 -10 -9 -8 -7 -7 -6 -6 -6 -6 -6 -5 -5 -5 -5 -4 -4 -4 -4 -4 -3 -3 -3 -3 -2 -2 -2 -1 -1 -1 ---------- Run | Yrd Mat Mat Mat Fac DSF Fac Ext Cet Arc Hub Fac Upp Upp Zhi Pro Fac Upp Upp War Pro Res Arm Lab Res Qua Sec Acc Com Ac0 Machines Disabled 66 | . . . . . . 2 6 . 3 . . . . . . 1 . . 4 . . 8 1 . 5 14 8 6 8 Max in Single Turn 2 | . . . . . . 1 2 . . . . . . . . 1 . . 2 . . 1 1 . 1 2 1 2 2 Garrison Access 2 | . . . . . . . . . . . . . . . . . . . . . 2 . . . . . . . . Phase Generator 1 | . . . . . . . . . . . . . . . . . . . . . . . . . . . . 1 . Network Hub 2 | . . . . . . . . . . 2 . . . . . . . . . . . . . . . . . . . Energy Cycler 2 | . . . . . . . 2 . . . . . . . . . . . . . . . . . . . . . . Machines Repaired . | . . . . . . . . . . . . . . . . . . . . . . . . . . . . . . Machines Dismantled . | . . . . . . . . . . . . . . . . . . . . . . . . . . . . . . Machines Sabotaged 1 | . . . . . . . . . . 1 . . . . . . . . . . . . . . . . . . . Overloaded Fab Kills . | . . . . . . . . . . . . . . . . . . . . . . . . . . . . . . Hacking | -11 -10 -9 -8 -7 -7 -6 -6 -6 -6 -6 -5 -5 -5 -5 -4 -4 -4 -4 -4 -3 -3 -3 -3 -2 -2 -2 -1 -1 -1 --------- Run | Yrd Mat Mat Mat Fac DSF Fac Ext Cet Arc Hub Fac Upp Upp Zhi Pro Fac Upp Upp War Pro Res Arm Lab Res Qua Sec Acc Com Ac0 Machines Accessed 81 | . . . 1 2 . 4 10 . . 3 6 . 1 4 . 5 1 1 2 . 9 6 . 4 6 10 3 2 1 Terminals 55 | . . . 1 2 . 4 9 . . 3 5 . . . . 3 . . . . 3 4 . 3 4 10 2 2 . Fabricators 4 | . . . . . . . . . . . . . . . . 1 . . . . 1 1 . 1 . . . . . Repair Stations 3 | . . . . . . . 1 . . . 1 . . . . . . . . . 1 . . . . . . . . Recycling Units 3 | . . . . . . . . . . . . . . . . 1 . . . . 1 1 . . . . . . . Scanalyzers 3 | . . . . . . . . . . . . . . . . . . . . . 1 . . . 2 . . . . Garrison Access 3 | . . . . . . . . . . . . . . . . . . . . . 2 . . . . . 1 . . Total Hacks 264 | . . . 2 4 . 8 22 . . 9 37 . 4 17 . 14 1 1 5 . 27 17 . 21 37 24 9 2 3 Successful 156 | . . . . 2 . 6 12 . . 3 25 . 4 17 . 6 1 1 5 . 20 8 . 12 19 11 . 1 3 Failed 108 | . . . 2 2 . 2 10 . . 6 12 . . . . 8 . . . . 7 9 . 9 18 13 9 1 . Catastrophic 17 | . . . . 1 . 1 1 . . 1 4 . . . . 3 . . . . . . . . 2 . 3 1 . Database Lockouts . | . . . . . . . . . . . . . . . . . . . . . . . . . . . . . . Manual 102 | . . . 2 3 . 5 15 1 . 8 17 . . . . 9 . . . . 5 9 . 3 14 4 6 1 . Terminals 184 | . . . 2 4 . 8 20 . . 9 22 . . . . 12 . . . . 12 15 . 17 31 24 6 2 . Fabricators 9 | . . . . . . . . . . . . . . . . 1 . . . . 3 1 . 4 . . . . . Repair Stations 24 | . . . . . . . 2 . . . 15 . . . . . . . . . 7 . . . . . . . . Recycling Units 4 | . . . . . . . . . . . . . . . . 1 . . . . 2 1 . . . . . . . Scanalyzers 7 | . . . . . . . . . . . . . . . . . . . . . 1 . . . 6 . . . . Garrison Access 5 | . . . . . . . . . . . . . . . . . . . . . 2 . . . . . 3 . . Terminal Hacks 100 | . . . . 1 . 3 7 . . 1 10 . 4 17 . 3 1 1 5 . 8 4 . 10 12 9 . 1 3 Record 9 | . . . . . . . . . . . . . 4 5 . . . . . . . . . . . . . . . Part Schematic 5 | . . . . . . . . . . . . . . 4 . . . . . . . . . 1 . . . . . Robot Analysis 4 | . . . . . . . . . . . . . . 4 . . . . . . . . . . . . . . . Prototype ID Bank 10 | . . . . . . . . . . . . . . 4 . . . . 4 . . 1 . . . 1 . . . Open Door 12 | . . . . . . 1 3 . . . . . . . . . 1 1 1 . . 1 . . . 3 . 1 . Open DSF 1 | . . . . 1 . . . . . . . . . . . . . . . . . . . . . . . . . Level Access Points 3 | . . . . . . . . . . . . . . . . . . . . . 2 . . . . 1 . . . Branch Access Points 4 | . . . . . . 1 . . . . 1 . . . . 1 . . . . . . . 1 . . . . . Emergency Access Points 2 | . . . . . . . . . . . . . . . . . . . . . . . . 1 1 . . . . Machine Index 1 | . . . . . . . . . . . . . . . . . . . . . . 1 . . . . . . . Terminal Index 5 | . . . . . . . 1 . . . 1 . . . . 1 . . . . . 1 . . 1 . . . . Recycling Unit Index 1 | . . . . . . . . . . . . . . . . . . . . . . . . 1 . . . . . Locate Traps 8 | . . . . . . . . . . . 2 . . . . 1 . . . . 1 . . 1 3 . . . . Maintenance Status 2 | . . . . . . . . . . . . . . . . . . . . . 1 . . 1 . . . . . Patrol Status 5 | . . . . . . 1 . . . . 1 . . . . . . . . . 1 . . 1 1 . . . . Recall Investigation 1 | . . . . . . . . . . . . . . . . . . . . . . . . . 1 . . . . Recall Extermination 2 | . . . . . . . . . . . 2 . . . . . . . . . . . . . . . . . . Recall Reinforcements 1 | . . . . . . . 1 . . . . . . . . . . . . . . . . . . . . . . Hauler Manifests 2 | . . . . . . . . . . . . . . . . . . . . . . . . 1 1 . . . . Registered Components 4 | . . . . . . . . . . . 1 . . . . . . . . . 1 . . 1 1 . . . . Registered Prototypes 1 | . . . . . . . . . . . . . . . . . . . . . . . . 1 . . . . . Zone Layout 14 | . . . . . . . 2 . . 1 2 . . . . . . . . . 2 . . . 3 4 . . . Gate Test 138-A 1 | . . . . . . . . . . . . . . . . . . . . . . . . . . . . . 1 Gate Test 138-B 1 | . . . . . . . . . . . . . . . . . . . . . . . . . . . . . 1 Gate Test 138-END 1 | . . . . . . . . . . . . . . . . . . . . . . . . . . . . . 1 Fabricator Hacks 4 | . . . . . . . . . . . . . . . . 1 . . . . 1 1 . 1 . . . . . Network Status 4 | . . . . . . . . . . . . . . . . 1 . . . . 1 1 . 1 . . . . . Repair Station Hacks 19 | . . . . . . . 2 . . . 12 . . . . . . . . . 5 . . . . . . . . Scan Component 10 | . . . . . . . 1 . . . 6 . . . . . . . . . 3 . . . . . . . . Repair 9 | . . . . . . . 1 . . . 6 . . . . . . . . . 2 . . . . . . . . Recycling Unit Hacks 4 | . . . . . . . . . . . . . . . . 1 . . . . 2 1 . . . . . . . Retrieve Components 4 | . . . . . . . . . . . . . . . . 1 . . . . 2 1 . . . . . . . Scanalyzer 4 | . . . . . . . . . . . . . . . . . . . . . 1 . . . 3 . . . . Insert Component 4 | . . . . . . . . . . . . . . . . . . . . . 1 . . . 3 . . . . Garrison Access Hacks 2 | . . . . . . . . . . . . . . . . . . . . . 2 . . . . . . . . Seal Access 2 | . . . . . . . . . . . . . . . . . . . . . 2 . . . . . . . . Unauthorized Hacks 23 | . . . . 1 . 3 3 . . 2 3 . . . . 1 . . . . 1 2 . 1 4 2 . . . Terminals 21 | . . . . 1 . 3 3 . . 2 2 . . . . 1 . . . . 1 2 . . 4 2 . . . Track 3 | . . . . . . . 1 . . . . . . . . . . . . . . . . . 1 1 . . . Assimilate 3 | . . . . . . 1 1 . . . . . . . . . . . . . . . . . . 1 . . . Botnet 9 | . . . . 1 . 2 . . . 1 1 . . . . 1 . . . . 1 1 . . 1 . . . . Disrupt 1 | . . . . . . . 1 . . . . . . . . . . . . . . . . . . . . . . Operators 4 | . . . . . . . . . . . 1 . . . . . . . . . . 1 . . 2 . . . . Sabotage 1 | . . . . . . . . . . 1 . . . . . . . . . . . . . . . . . . . Fabricators 1 | . . . . . . . . . . . . . . . . . . . . . . . . 1 . . . . . Fabnet 1 | . . . . . . . . . . . . . . . . . . . . . . . . 1 . . . . . Repair Stations 1 | . . . . . . . . . . . 1 . . . . . . . . . . . . . . . . . . Mechanics 1 | . . . . . . . . . . . 1 . . . . . . . . . . . . . . . . . . Recycling Units . | . . . . . . . . . . . . . . . . . . . . . . . . . . . . . . Scanalyzers . | . . . . . . . . . . . . . . . . . . . . . . . . . . . . . . Garrison Access . | . . . . . . . . . . . . . . . . . . . . . . . . . . . . . . Data Cores Recovered 2 | . . 1 . . . . . . . . . . . . . . . . . . . . . . . . . 1 . Used . | . . . . . . . . . . . . . . . . . . . . . . . . . . . . . . Hacking Detections 48 | . . . 1 1 . 4 7 . . 3 4 . . . . 2 . . . . 3 5 . 4 5 5 3 1 . Full Trace Events 2 | . . . . . . . 1 . . . . . . . . . . . . . . . . . 1 . . . . Feedback Events . | . . . . . . . . . . . . . . . . . . . . . . . . . . . . . . Feedback Blocked . | . . . . . . . . . . . . . . . . . . . . . . . . . . . . . . Robot Schematics Acquired . | . . . . . . . . . . . . . . . . . . . . . . . . . . . . . . Robots Built . | . . . . . . . . . . . . . . . . . . . . . . . . . . . . . . Authchips . | . . . . . . . . . . . . . . . . . . . . . . . . . . . . . . Time . | . . . . . . . . . . . . . . . . . . . . . . . . . . . . . . Total Robot Build Rating . | . . . . . . . . . . . . . . . . . . . . . . . . . . . . . . Part Schematics Acquired 7 | . . . . . . . . . . . . . . 4 . . . . . . . . . 1 . 2 . . . Parts Built . | . . . . . . . . . . . . . . . . . . . . . . . . . . . . . . Authchips . | . . . . . . . . . . . . . . . . . . . . . . . . . . . . . . Time . | . . . . . . . . . . . . . . . . . . . . . . . . . . . . . . Total Part Build Rating . | . . . . . . . . . . . . . . . . . . . . . . . . . . . . . . Parts Repaired 9 | . . . . . . . 1 . . . 6 . . . . . . . . . 2 . . . . . . . . Time 322 | . . . . . . . 44 . . . 216 . . . . . . . . . 62 . . . . . . . . Parts Recycled . | . . . . . . . . . . . . . . . . . . . . . . . . . . . . . . Recycled Matter . | . . . . . . . . . . . . . . . . . . . . . . . . . . . . . . Retrieved Matter . | . . . . . . . . . . . . . . . . . . . . . . . . . . . . . . Retrieved Components 16 | . . . . . . . . . . . . . . . . 1 . . . . 13 2 . . . . . . . Parts Scanalyzed . | . . . . . . . . . . . . . . . . . . . . . . . . . . . . . . Part Schematics Acquired . | . . . . . . . . . . . . . . . . . . . . . . . . . . . . . . Parts Damaged . | . . . . . . . . . . . . . . . . . . . . . . . . . . . . . . Bothacking | -11 -10 -9 -8 -7 -7 -6 -6 -6 -6 -6 -5 -5 -5 -5 -4 -4 -4 -4 -4 -3 -3 -3 -3 -2 -2 -2 -1 -1 -1 ------------ Run | Yrd Mat Mat Mat Fac DSF Fac Ext Cet Arc Hub Fac Upp Upp Zhi Pro Fac Upp Upp War Pro Res Arm Lab Res Qua Sec Acc Com Ac0 Used RIF Installer . | . . . . . . . . . . . . . . . . . . . . . . . . . . . . . . Robots Hacked 9 | . . . . . . . . . . . . . . . . . . . 1 . . . . . . . 2 6 . Non-combat . | . . . . . . . . . . . . . . . . . . . . . . . . . . . . . . Combat 9 | . . . . . . . . . . . . . . . . . . . 1 . . . . . . . 2 6 . Robot Hacks Applied 1 | . . . . . . . . . . . . . . . . . . . 1 . . . . . . . . . . parse_system 1 | . . . . . . . . . . . . . . . . . . . 1 . . . . . . . . . . Relay Couplers Released . | . . . . . . . . . . . . . . . . . . . . . . . . . . . . . . Fabnet Peak Effective % 3 | . . . . . . . . . . . . . . . . . . . . . . . . . . . 3 3 3 Autooverrided 8 | . . . . . . . . . . . . . . . . . . . . . . . . . . . 2 6 . Robots Rewired 26 | . . . . . . . 12 . . . . . . . . . . . 5 . . 8 . 1 . . . . . Allies Hacked 1 | . . . . . . . . . . . . . . . . . . . 1 . . . . . . . . . . Hacks Repelled . | . . . . . . . . . . . . . . . . . . . . . . . . . . . . . . Allies | -11 -10 -9 -8 -7 -7 -6 -6 -6 -6 -6 -5 -5 -5 -5 -4 -4 -4 -4 -4 -3 -3 -3 -3 -2 -2 -2 -1 -1 -1 -------- Run | Yrd Mat Mat Mat Fac DSF Fac Ext Cet Arc Hub Fac Upp Upp Zhi Pro Fac Upp Upp War Pro Res Arm Lab Res Qua Sec Acc Com Ac0 Total Allies 132 | . . . . . . 1 18 5 . . . . . . . . . . 5 . . 8 . 1 . 1 37 56 . Largest Group 13 | . . . . . . 1 6 7 6 5 . . . . . . . . 5 . . 4 4 4 . 1 11 13 . Highest-Rated Group 631 | . . . . . . 26 280 631 500 470 . . . . . . . . 275 . . 224 188 188 . 10 149 384 . Highest-Rated Ally 159 | . . . . . . 26 159 159 96 96 . . . . . . . . 68 . . 56 47 73 . 10 58 89 . Total Orders 26 | . . . . . . 2 5 . 3 . . . . . . . . . 13 . . . 2 . . . 1 . . STAY 17 | . . . . . . 1 3 . . . . . . . . . . . 12 . . . 1 . . . . . . ROAM 1 | . . . . . . . . . 1 . . . . . . . . . . . . . . . . . . . . FOLLOW 7 | . . . . . . 1 2 . 2 . . . . . . . . . 1 . . . 1 . . . . . . EXPLORE 1 | . . . . . . . . . . . . . . . . . . . . . . . . . . . 1 . . Ally Attacks 632 | . . . . . . . 111 69 32 23 . . . . . . . . 73 . . 55 . 22 . . 152 95 . Total Damage 20755 | . . . . . . . 2391 1863 1337 825 . . . . . . . . 3048 . . 1535 . 689 . . 2619 6448 . Kills 97 | . . . . . . . 16 10 5 1 . . . . . . . . 18 . . 7 . 1 . . 14 25 . Allies Corrupted 6 | . . . . . . . . . . . . . . . . . . . 1 . . 1 . 1 . . 2 1 . Allies Melted 2 | . . . . . . . . . . . . . . . . . . . . . . . . 2 . . . . . Intel | -11 -10 -9 -8 -7 -7 -6 -6 -6 -6 -6 -5 -5 -5 -5 -4 -4 -4 -4 -4 -3 -3 -3 -3 -2 -2 -2 -1 -1 -1 ------- Run | Yrd Mat Mat Mat Fac DSF Fac Ext Cet Arc Hub Fac Upp Upp Zhi Pro Fac Upp Upp War Pro Res Arm Lab Res Qua Sec Acc Com Ac0 Active Infowar (turns) 8466 | . . 117 83 20 140 395 1359 259 464 118 470 242 116 60 201 249 82 210 709 150 674 488 118 539 465 374 289 75 . Optics 7391 | . . 117 83 20 140 395 1359 259 464 118 470 242 116 60 201 249 82 210 567 . 255 488 118 539 465 374 . . . Sensors 7527 | . . . . . . 394 1359 219 464 118 470 242 116 58 201 249 82 210 595 150 674 482 99 525 462 358 . . . Terrain 2 | . . . . . . . . . . . . . . . . . . . . . . . . 2 . . . . . Structural 2525 | . . . . . . . . . . . . . . . . . . . . . 548 488 118 534 465 372 . . . Triangulation 1 | . . . . . . . . . . . . . . . . . . . . . . . . . . 1 . . . Cloaking 364 | . . . . . . . . . . . . . . . . . . . . . . . . . . . 289 75 . Robot Analysis Total 4 | . . . . . . . . . . . . . . 4 . . . . . . . . . . . . . . . Derelict Logs Recovered 5 | . . . . . . . . . . . . 1 1 . 1 . . 2 . . . . . . . . . . . Drone Launches 2 | . . . . . . . . . . . . . . . . . . . . . . . . . . . 2 . . Drone Recoveries . | . . . . . . . . . . . . . . . . . . . . . . . . . . . . . . Exploration | -11 -10 -9 -8 -7 -7 -6 -6 -6 -6 -6 -5 -5 -5 -5 -4 -4 -4 -4 -4 -3 -3 -3 -3 -2 -2 -2 -1 -1 -1 ------------- Run | Yrd Mat Mat Mat Fac DSF Fac Ext Cet Arc Hub Fac Upp Upp Zhi Pro Fac Upp Upp War Pro Res Arm Lab Res Qua Sec Acc Com Ac0 Turns Passed 11217 | 3 68 132 83 20 140 395 1359 259 464 118 470 242 116 60 201 249 82 210 1044 150 674 488 118 539 465 537 412 1435 684 Spaces Moved 20146 | 1 111 198 119 39 120 804 1588 169 61 218 582 736 387 147 463 385 351 826 1843 574 1676 984 173 1382 857 1377 845 1634 1496 Core 504 | 1 111 198 119 39 36 . . . . . . . . . . . . . . . . . . . . . . . . Treads 36 | . . . . . 36 . . . . . . . . . . . . . . . . . . . . . . . . Legs 4187 | . . . . . . . . . . . . . . . . . . . . . . . . . . 212 845 1634 1496 Wheels . | . . . . . . . . . . . . . . . . . . . . . . . . . . . . . . Hover . | . . . . . . . . . . . . . . . . . . . . . . . . . . . . . . Flight 15419 | . . . . . 48 804 1588 169 61 218 582 736 387 147 463 385 351 826 1843 574 1676 984 173 1382 857 1165 . . . Fastest Speed 8 | 50 50 50 50 50 27 22 20 20 23 23 21 21 23 21 21 19 19 19 15 23 20 17 20 17 8 14 30 30 30 Average Speed 23 | 50 50 50 50 50 75 24 23 22 23 23 22 22 23 22 21 19 19 19 20 23 22 19 20 19 16 18 30 30 30 Slowest Speed 160 | 50 50 50 50 50 160 29 27 23 23 23 23 23 23 23 21 19 19 19 23 23 23 20 20 93 17 30 30 90 30 Overloaded Moves 12 | . . . . . . . . . . . . . . . . . . . . . . 1 . . 7 4 . . . Propulsion Burnouts . | . . . . . . . . . . . . . . . . . . . . . . . . . . . . . . Robots Hopped 96 | . . . . . 1 4 15 . . 9 12 1 . . . 6 . . 7 . 11 . . 19 2 9 . . . Potential Cave-ins 1 | . . . . . . . . . . . . . . . . . . . . . . . . . . . . . 1 Cave-ins Triggered . | . . . . . . . . . . . . . . . . . . . . . . . . . . . . . . Teleports 12 | . . . . . . . . . . . . . . . . . . . . . . 1 . . 4 3 . 1 3 Exploration Rate (%) 51 | 2 29 38 19 2 67 24 83 58 69 22 24 80 57 60 61 12 57 75 90 78 37 43 93 37 78 78 29 56 77 Regions Visited 29 Branch Regions 18 Pre-discovered Areas 5 | . . . . . . . . . . . . . . 3 1 . . 1 . . . . . . . . . . . Known Exits Taken 23 | . . . 1 1 . 1 1 1 1 1 1 1 1 1 1 1 1 1 1 1 1 1 1 1 1 1 . . . Unknown Exits Taken 5 | 1 1 1 . . . . . . . . . . . . . . . . . . . . . . . . 1 1 . Scrap Searched 9 | . . . . . . . . . . . . 1 2 . 2 . . 2 . 2 . . . . . . . . . Spaces Dug 502 | . . . 4 . . 15 29 . . 3 11 19 8 . . 4 5 29 17 3 12 9 . 4 22 42 60 72 134 Terrain Destroyed 1979 | . . . 4 . . 16 147 . . 3 11 19 8 . . 4 5 29 216 3 12 249 . 40 39 86 69 242 777 Melee 147 | . . . 4 . . 10 1 . . 3 11 19 8 . . 4 5 11 17 3 12 7 . 4 20 8 . . . Projectile 1022 | . . . . . . . . . . . . . . . . . . . . . . 6 . . 19 9 42 169 777 AOE 810 | . . . . . . 6 146 . . . . . . . . . . 18 199 . . 236 . 36 . 69 27 73 . Terrain Rammed . | . . . . . . . . . . . . . . . . . . . . . . . . . . . . . . Walls Destroyed . | . . . . . . . . . . . . . . . . . . . . . . . . . . . . . . Machines Disabled . | . . . . . . . . . . . . . . . . . . . . . . . . . . . . . . Actions | -11 -10 -9 -8 -7 -7 -6 -6 -6 -6 -6 -5 -5 -5 -5 -4 -4 -4 -4 -4 -3 -3 -3 -3 -2 -2 -2 -1 -1 -1 --------- Run | Yrd Mat Mat Mat Fac DSF Fac Ext Cet Arc Hub Fac Upp Upp Zhi Pro Fac Upp Upp War Pro Res Arm Lab Res Qua Sec Acc Com Ac0 Total 25637 | 5 117 215 133 38 168 954 2498 378 510 264 876 763 397 172 565 543 355 854 2410 585 1889 1224 249 1614 1119 1594 977 2492 1679 Wait 4135 | . 2 2 1 . 19 103 754 197 450 50 278 7 3 13 103 154 . 15 449 9 126 114 48 103 189 110 91 707 38 Move 19938 | . 110 197 118 38 117 796 1557 168 60 203 557 733 386 146 462 372 350 825 1830 573 1653 983 172 1348 852 1360 844 1633 1495 Hop 83 | . . . . . 1 3 15 . . 5 12 1 . . . 6 . . 5 . 11 . . 14 2 8 . . . Pick Up 85 | . 2 3 3 . 4 2 6 1 . . 2 . . 1 . 1 . . 4 . 5 1 8 7 5 15 1 9 5 Fast Attach 177 | . . 1 1 . 7 7 7 1 . . 9 . . 5 . 1 . . 19 . 13 5 2 51 8 19 5 8 8 Attach 63 | . . 2 2 . 3 4 5 2 . . 1 . . . . 2 . . 1 . 2 1 4 7 4 11 3 7 2 Detach 52 | . . . . . . 3 4 1 . . . . . . . 1 . . 2 . 7 . 3 8 1 9 5 8 . Swap 66 | . . 1 . . . 3 7 . . . 1 . . 2 . 1 . 2 10 . 1 6 1 3 1 8 2 9 8 Drop 177 | 5 . 1 2 . 8 5 6 1 . . 3 . . 5 . . . . 21 . 9 3 5 53 8 9 1 22 10 Fire 348 | . 3 8 . . . 2 13 . . . . . . . . . . 1 45 . . 27 . 1 22 22 18 73 113 Melee 290 | . . . 6 . . 26 21 7 . 6 13 22 8 . . 5 5 11 21 3 44 13 6 16 27 23 4 3 . Ram . | . . . . . . . . . . . . . . . . . . . . . . . . . . . . . . Kick 4 | . . . . . . . . . . . . . . . . . . . . . . . . . . . 3 1 . Crush . | . . . . . . . . . . . . . . . . . . . . . . . . . . . . . . Escape Stasis 89 | . . . . . 9 . 26 . . . . . . . . . . . . . 18 36 . . . . . . . Rewire 130 | . . . . . . . 77 . . . . . . . . . . . 3 . . 35 . 3 . . . 12 . Trap . | . . . . . . . . . . . . . . . . . . . . . . . . . . . . . . Miscellaneous . | . . . . . . . . . . . . . . . . . . . . . . . . . . . . . . Route ------- -11/Scrapyard -10/Materials (discovered 2 exits: [*Mat] / [*Min]) -9/Materials -8/Materials -7/Factory -7/DSF -6/Factory (discovered 4 exits: Low x2 / *Ext x2) -6/Extension (discovered 2 exits: *Fac / *Cet) -6/Cetus (discovered 2 exits: *Fac / *Arc) -6/Archives -6/Hub_04(d) -5/Factory (discovered 2 exits: *Upp x2) -5/Upper Caves -5/Upper Caves (discovered 2 exits: Fac / *Zhi) -5/Zhirov -4/Proximity Caves -4/Factory (discovered 2 exits: *Upp x2) -4/Upper Caves -4/Upper Caves (discovered 2 exits: *Res / *War) -4/Warlord -3/Proximity Caves -3/Research (discovered 4 exits: *Res x3 / *Arm) -3/Armory -3/Lab -2/Research (discovered 3 exits: *Acc / *Qua x2) -2/Quarantine (discovered 3 exits: *Acc / *Sec / [*Frg]) -2/Section 7 -1/Access (discovered 2 exits: [Sur] / *Com) -1/Command (discovered 3 exits: [Sur x2] / *Ac0) -1/Access_0 To Fleet Rendezvous History --------- Turn | Location | Event 4 | -11/Scrapyard | Discovered new exit (range 0) 4 | -11/Scrapyard | Entered Materials 40 | -10/Materials | Discovered new exit (range 6) 64 | -10/Materials | Discovered new exit (range 5) 72 | -10/Materials | Entered another Materials area 72 | -9/Materials | Evolved 2 slots: Propulsion x2 195 | -9/Materials | Discovered new exit (range 17) 204 | -9/Materials | Entered another Materials area 204 | -8/Materials | Evolved 2 slots: Propulsion x1, Utility x1 284 | -8/Materials | Discovered new exit (range 8) 287 | -8/Materials | Identified exit to Factory 287 | -8/Materials | Entered Factory 287 | -7/Factory | Evolved 2 slots: Utility x2 300 | -7/Factory | Build established: Mutant 307 | -7/Factory | Identified exit to DSF 307 | -7/Factory | Entered DSF 327 | -7/DSF | Discovered new exit (range 18) 377 | -7/DSF | Additional patrols routed to DSF 422 | -7/DSF | Identified exit to Factory 447 | -7/DSF | Entered Factory 447 | -6/Factory | Evolved 2 slots: Propulsion x1, Utility x1 709 | -6/Factory | Build established: Scout 757 | -6/Factory | Identified exit to Lower Caves 757 | -6/Factory | Identified exit to Extension 842 | -6/Factory | Entered Extension 958 | -6/Extension | Rescued a captive Derelict 1045 | -6/Extension | Rescued a captive Derelict 1046 | -6/Extension | Rescued a captive Derelict 1245 | -6/Extension | Spotted B-75 Beast 1266 | -6/Extension | Spotted B-75 Beast 1362 | -6/Extension | Repaired Imp. Medium Armor Plating 1455 | -6/Extension | Rescued a captive Derelict 1741 | -6/Extension | Allies destroyed B-75 Beast 1967 | -6/Extension | Energy Cycler disabled 1994 | -6/Extension | Rescued A7 2108 | -6/Extension | Discovered new exit (range 10) 2140 | -6/Extension | Discovered new exit (range 6) 2142 | -6/Extension | Identified exit to Cetus 2143 | -6/Extension | Identified exit to Factory 2201 | -6/Extension | Entered Cetus 2201 | -6/Cetus | Accompanied by 5 allies (A7) 2206 | -6/Cetus | Acquired a Cetus Manufacturing Module code from A7 2224 | -6/Cetus | Spotted Cetus Guard 2225 | -6/Cetus | Spotted Cetus Guard 2226 | -6/Cetus | Spotted Cetus Guard 2229 | -6/Cetus | Allies destroyed Cetus Guard 2233 | -6/Cetus | Spotted Cetus Guard 2258 | -6/Cetus | Allies destroyed Cetus Guard 2262 | -6/Cetus | Allies destroyed Cetus Guard 2276 | -6/Cetus | Started Cetus Manufacturing Module 2292 | -6/Cetus | Lost 3 parts (2n1u) 2301 | -6/Cetus | Manufactured an Enhanced Grunt 2326 | -6/Cetus | Manufactured an Enhanced Grunt 2339 | -6/Cetus | Discovered new exit (range 18) 2351 | -6/Cetus | Manufactured an Enhanced Grunt 2376 | -6/Cetus | Manufactured an Enhanced Grunt 2379 | -6/Cetus | Spotted Cetus Guard 2379 | -6/Cetus | Spotted Cetus Guard 2389 | -6/Cetus | Spotted Cetus Guard 2389 | -6/Cetus | Spotted Cetus Guard 2395 | -6/Cetus | Allies destroyed Cetus Guard 2396 | -6/Cetus | Allies destroyed Cetus Guard 2401 | -6/Cetus | Manufactured an Enhanced Grunt 2404 | -6/Cetus | Allies destroyed Cetus Guard 2406 | -6/Cetus | Allies destroyed Cetus Guard 2415 | -6/Cetus | Discovered exit to Factory (range 17) 2417 | -6/Cetus | Met Revision 17 2425 | -6/Cetus | Identified exit to Archives 2457 | -6/Cetus | Murdered A7 2460 | -6/Cetus | Extracted ID and sensor layout for unrecognized location from A7's data core 2460 | -6/Cetus | Entered Archives 2460 | -6/Archives | Accompanied by 6 allies 2536 | -6/Archives | Discovered new exit (range 17) 2555 | -6/Archives | Build established: Scavenger-Scout 2897 | -6/Archives | Identified exit to Hub_04(d) 2924 | -6/Archives | Entered Hub_04(d) 2924 | -6/Hub_04(d) | Accompanied by 5 allies 2927 | -6/Hub_04(d) | Spotted B-75 Beast 2927 | -6/Hub_04(d) | Network Hub disabled 2927 | -6/Hub_04(d) | Network Hub disabled 3018 | -6/Hub_04(d) | Discovered exit to Factory (range 17) 3032 | -6/Hub_04(d) | Lost 5 allies 3042 | -6/Hub_04(d) | Entered Factory 3042 | -5/Factory | Evolved 2 slots: Utility x2 3079 | -5/Factory | Repaired VTOL Module 3112 | -5/Factory | Repaired VTOL Module 3146 | -5/Factory | Repaired VTOL Module 3179 | -5/Factory | Repaired VTOL Module 3219 | -5/Factory | Repaired Imp. Light Armor Plating 3270 | -5/Factory | Repaired Hvy. Pick 3372 | -5/Factory | Identified exit to Upper Caves 3512 | -5/Factory | Entered Upper Caves 3521 | -5/Upper Caves | Learned Factory terminal intel 3742 | -5/Upper Caves | Build established: Hacker-Scout 3752 | -5/Upper Caves | Discovered new exit (range 17) 3754 | -5/Upper Caves | Identified exit to Upper Caves 3754 | -5/Upper Caves | Entered another Upper Caves area 3762 | -5/Upper Caves | Identified exit to Factory 3762 | -5/Upper Caves | Learned Factory trap positions 3762 | -5/Upper Caves | Learned Extension emergency access door positions 3777 | -5/Upper Caves | Learned Factory trap positions 3787 | -5/Upper Caves | Attracted the attention of an 0b10 checkpoint 3845 | -5/Upper Caves | Discovered new exit (range 5) 3847 | -5/Upper Caves | Identified exit to Zhirov 3870 | -5/Upper Caves | Entered Zhirov 3870 | -5/Zhirov | Discovered new exit (range 3) 3875 | -5/Zhirov | Met Zhirov 3879 | -5/Zhirov | Learned location of Quarantine (-2) 3879 | -5/Zhirov | Learned location of Testing (-3) 3879 | -5/Zhirov | Learned location of Command (-1) 3881 | -5/Zhirov | Zhirov requested help retrieving the SGEMP Prototype 3885 | -5/Zhirov | Found Alien Artifact 3885 | -5/Zhirov | Identified Integrated Dissipator 3885 | -5/Zhirov | Installed Integrated Dissipator, increased core heat dissipation (+20) 3920 | -5/Zhirov | Found Alien Artifact 3930 | -5/Zhirov | Identified exit to Proximity Caves 3930 | -5/Zhirov | Entered Proximity Caves 4131 | -4/Proximity Caves | Entered Factory 4131 | -4/Factory | Evolved 2 slots: Power x1, Propulsion x1 4132 | -4/Factory | Loaded intel: 95 trap records 4133 | -4/Factory | Loaded intel: 26 terminal locations 4191 | -4/Factory | Identified exit to Upper Caves 4380 | -4/Factory | Entered Upper Caves 4388 | -4/Upper Caves | Encountered a Warlord checkpoint 4442 | -4/Upper Caves | Discovered new exit (range 6) 4444 | -4/Upper Caves | Identified exit to Upper Caves 4462 | -4/Upper Caves | Entered another Upper Caves area 4463 | -4/Upper Caves | Discovered new exit (range 5) 4648 | -4/Upper Caves | Learned location of Armory (-3) 4663 | -4/Upper Caves | Identified exit to Warlord 4670 | -4/Upper Caves | Found DCF Scrap (14 items) 4672 | -4/Upper Caves | Entered Warlord 4783 | -4/Warlord | Received a Watcher feed algorithm from an ecstatic Tinkerer 4786 | -4/Warlord | Met Warlord 4790 | -4/Warlord | Warlord's base attacked by MAIN.C 4811 | -4/Warlord | Found Prototype Piercing Weapon 4812 | -4/Warlord | Found Prototype Piercing Weapon 4812 | -4/Warlord | Identified Vortex Lance (x2) 4837 | -4/Warlord | Found Prototype Hackware 4837 | -4/Warlord | Identified System Mapper 4841 | -4/Warlord | Found Prototype Device 4841 | -4/Warlord | Identified Exp. Phase Shifter 4859 | -4/Warlord | Spotted B-86 Titan 5010 | -4/Warlord | Warlord forces counterattacked 5027 | -4/Warlord | Lost 3 allies 5062 | -4/Warlord | Destroyed 21 combat bots 5090 | -4/Warlord | Spotted Executioner 5090 | -4/Warlord | Spotted Striker 5157 | -4/Warlord | Destroyed Executioner 5174 | -4/Warlord | Lost 12 allies 5204 | -4/Warlord | Spotted Striker 5247 | -4/Warlord | Spotted Executioner 5357 | -4/Warlord | Spotted Striker 5398 | -4/Warlord | Spotted Executioner 5401 | -4/Warlord | Spotted Striker 5429 | -4/Warlord | Build established: Hacker-Sprinter 5435 | -4/Warlord | Spotted Executioner 5453 | -4/Warlord | Found Prototype Processor 5453 | -4/Warlord | Identified Exp. Core Analyzer 5455 | -4/Warlord | Found Corrupted Exp. Core Analyzer 5465 | -4/Warlord | Warlord base infiltrated, sounded retreat 5485 | -4/Warlord | Spotted Striker 5517 | -4/Warlord | Lost 8 allies 5702 | -4/Warlord | Spotted Executioner 5705 | -4/Warlord | Found Exp. Neutron Missile Launcher 5713 | -4/Warlord | Discovered new exit (range 15) 5716 | -4/Warlord | Identified exit to Proximity Caves 5716 | -4/Warlord | Entered Proximity Caves 5744 | -3/Proximity Caves | Lost 8 allies 5755 | -3/Proximity Caves | Attracted the attention of an 0b10 checkpoint 5822 | -3/Proximity Caves | Spotted B-86 Titan 5855 | -3/Proximity Caves | Discovered new exit (range 2) 5855 | -3/Proximity Caves | Identified exit to Research 5866 | -3/Proximity Caves | Entered Research 5866 | -3/Research | Evolved 2 slots: Utility x2 5867 | -3/Research | Identified exit to Armory 5906 | -3/Research | Identified exit to Research 6066 | -3/Research | Revision forces began assault on 0b10 6283 | -3/Research | Build established: Scavenger-Scout 6314 | -3/Research | Repaired Exp. Propulsion Shielding? 6353 | -3/Research | Repaired Centrium Medium Armor Plating? 6361 | -3/Research | Met up with Revision 17++ 6363 | -3/Research | Lost 7 allies 6540 | -3/Research | Entered Armory 6676 | -3/Armory | Found Prototype Device 6676 | -3/Armory | Identified Exp. Thermal Shield 6955 | -3/Armory | Identified Transdimensional Reconstructor 6955 | -3/Armory | Warped through subspace to slip node 6955 | -3/Armory | Discovered new exit (range 1) 6955 | -3/Armory | Identified exit to Lab 7028 | -3/Armory | Entered Lab 7028 | -3/Lab | Accompanied by 4 allies 7028 | -3/Lab | Discovered exit to Research (range 9) 7031 | -3/Lab | Hidden lab's door opened automatically 7031 | -3/Lab | Sensor layout match revealed 7032 | -3/Lab | Gained access to the hidden lab's interior 7081 | -3/Lab | Found Alien Artifact 7094 | -3/Lab | Found Alien Artifact 7109 | -3/Lab | Found Transdimensional Reconstructor 7111 | -3/Lab | Found Alien Artifact 7113 | -3/Lab | Identified Integrated Mediator 7113 | -3/Lab | Installed Integrated Mediator, increased core attachment efficiency 7114 | -3/Lab | Identified Core Regenerator 7114 | -3/Lab | Used Core Regenerator, restored core integrity (+80) 7119 | -3/Lab | Found Prototype Hackware 7119 | -3/Lab | Identified Quantum Router 7121 | -3/Lab | Found Prototype Protection 7121 | -3/Lab | Identified Med. Regenerative Plating 7137 | -3/Lab | Identified Core Reset Matrix 7137 | -3/Lab | Used Core Reset Matrix 7146 | -3/Lab | Entered Research 7146 | -2/Research | Accompanied by 4 allies 7146 | -2/Research | Warlord forces began assault on 0b10 7146 | -2/Research | Evolved 2 slots: Propulsion x1, Utility x1 7152 | -2/Research | Identified exit to Quarantine 7256 | -2/Research | Research machine network offline 7392 | -2/Research | Met up with Warlord 7474 | -2/Research | Borebot progress halted 7541 | -2/Research | Found Unknown Device 7541 | -2/Research | Identified Adv. Force Booster 7616 | -2/Research | Discovered new exit (range 9) 7618 | -2/Research | Identified exit to Access 7652 | -2/Research | Spotted Executioner 7652 | -2/Research | Spotted Striker 7671 | -2/Research | Rewired Striker 7682 | -2/Research | Found Prototype Processor 7685 | -2/Research | Entered Quarantine 7686 | -2/Quarantine | Detected hypermatrix surge 7686 | -2/Quarantine | Sensed 10 artifacts in vicinity 7700 | -2/Quarantine | Found Subatomic Replicator 7705 | -2/Quarantine | Identified Exp. Core Analyzer 7710 | -2/Quarantine | Lost 3 allies 7799 | -2/Quarantine | Discovered exit to Access (range 9) 7817 | -2/Quarantine | Lost 3 allies 7839 | -2/Quarantine | Warped through subspace 7884 | -2/Quarantine | Cryocooling Duct disabled 7899 | -2/Quarantine | Ambient heat levels rising (+20) 7899 | -2/Quarantine | Non-combat units ordered to evacuate 7952 | -2/Quarantine | Found Dimensional Node Initializer 7952 | -2/Quarantine | Initialized slip node 7954 | -2/Quarantine | Found Transdimensional Reconstructor 7954 | -2/Quarantine | Warped through subspace to slip node 7959 | -2/Quarantine | Found Transdimensional Reconstructor 7959 | -2/Quarantine | Warped through subspace to slip node 7962 | -2/Quarantine | Found Hpw. Transdimensional Reconstructor 7962 | -2/Quarantine | Warped through subspace to slip node 7965 | -2/Quarantine | Found Hpw. Transdimensional Reconstructor 7968 | -2/Quarantine | Found Dimensional Node Initializer 8014 | -2/Quarantine | Build established: Hacker-Scout 8050 | -2/Quarantine | Spotted Fortress 8061 | -2/Quarantine | Discovered new exit (range 5) 8061 | -2/Quarantine | Discovered new exit (range 6) 8062 | -2/Quarantine | Identified exit to Section 7 8150 | -2/Quarantine | Entered Section 7 8151 | -2/Section 7 | Detected hypermatrix surge 8151 | -2/Section 7 | Sensed 21 artifacts in vicinity 8181 | -2/Section 7 | Spotted S7 Guard 8182 | -2/Section 7 | Spotted S7 Guard 8199 | -2/Section 7 | Found Integrated Thermoelectric Network 8199 | -2/Section 7 | Installed Integrated Thermoelectric Network, gained heat-energy exchange potential 8239 | -2/Section 7 | Initialized slip node 8289 | -2/Section 7 | Spotted S7 Guard 8295 | -2/Section 7 | Found Core Membrane 8301 | -2/Section 7 | Installed Core Membrane, gained immunity to corruption 8339 | -2/Section 7 | Spotted Executioner 8340 | -2/Section 7 | Spotted Executioner 8344 | -2/Section 7 | Spotted B-99 Colossus 8358 | -2/Section 7 | Found Integrated Dissipator 8358 | -2/Section 7 | Installed Integrated Dissipator, increased core heat dissipation (+20) 8360 | -2/Section 7 | Found Integrated Dissipator 8360 | -2/Section 7 | Installed Integrated Dissipator, increased core heat dissipation (+20) 8368 | -2/Section 7 | Used Subatomic Replicator to replicate LRC Storage 8370 | -2/Section 7 | Found LRC Storage 8370 | -2/Section 7 | Installed LRC Storage, increased inventory capacity (+2) 8371 | -2/Section 7 | Installed LRC Storage, increased inventory capacity (+2) 8400 | -2/Section 7 | First assault squad dispatched 8430 | -2/Section 7 | Found Transdimensional Reconstructor 8431 | -2/Section 7 | Found Transdimensional Reconstructor 8432 | -2/Section 7 | Found Hpw. Transdimensional Reconstructor 8433 | -2/Section 7 | Found Transdimensional Reconstructor 8491 | -2/Section 7 | Spotted Striker 8491 | -2/Section 7 | Spotted Striker 8494 | -2/Section 7 | Found Sigix Shearcannon 8499 | -2/Section 7 | Spotted Striker 8499 | -2/Section 7 | Spotted Striker 8510 | -2/Section 7 | Spotted Executioner 8510 | -2/Section 7 | Spotted Executioner 8522 | -2/Section 7 | Integrated with Sigix Exoskeleton 8540 | -2/Section 7 | Destroyed Striker 8555 | -2/Section 7 | Destroyed Executioner 8559 | -2/Section 7 | Destroyed Executioner 8564 | -2/Section 7 | Found Exp. Core Analyzer 8661 | -2/Section 7 | Destroyed Executioner 8663 | -2/Section 7 | Destroyed Executioner 8668 | -2/Section 7 | Found Prototype Processor 8668 | -2/Section 7 | Identified Exp. Targeting Computer 8676 | -2/Section 7 | Warped through subspace to slip node 8677 | -2/Section 7 | Warped through subspace to slip node 8678 | -2/Section 7 | Warped through subspace to slip node 8687 | -2/Section 7 | Entered Access 8687 | -1/Access | Evolved 2 slots: Utility x2 8692 | -1/Access | Emitted hypermatrix ping 8697 | -1/Access | Assembled emerged from beneath the floor 8721 | -1/Access | Assembled emerged from beneath the floor 8787 | -1/Access | Assembled emerged from beneath the floor 8800 | -1/Access | Found Unknown Device 8800 | -1/Access | Identified Launcher Loader 8843 | -1/Access | Build established: Alien-Sigix 8959 | -1/Access | Discovered new exit (range 18) 8987 | -1/Access | Assembled emerged from beneath the floor 8990 | -1/Access | Spotted B-99 Colossus 9033 | -1/Access | Assembled emerged from beneath the floor 9051 | -1/Access | Discovered new exit (range 18) 9078 | -1/Access | Spotted Striker 9078 | -1/Access | Spotted Striker 9099 | -1/Access | Entered Command 9104 | -1/Command | Emitted hypermatrix ping 9109 | -1/Command | Assembled emerged from beneath the floor 9122 | -1/Command | Lost 3 allies 9131 | -1/Command | Assembled emerged from beneath the floor 9166 | -1/Command | Lost 3 allies 9214 | -1/Command | Spotted M Guard 9214 | -1/Command | Spotted M Guard 9217 | -1/Command | Spotted Combat Programmer 9228 | -1/Command | Destroyed Combat Programmer 9228 | -1/Command | Spotted Combat Programmer 9232 | -1/Command | Destroyed Combat Programmer 9288 | -1/Command | Destroyed M Guard 9293 | -1/Command | Sigix Exoskeleton integrity reduced to 80% 9301 | -1/Command | Destroyed M Guard 9301 | -1/Command | All MAIN.C guards destroyed 9349 | -1/Command | First assault squad dispatched 9350 | -1/Command | Spotted B-99 Colossus 9360 | -1/Command | Destroyed B-99 Colossus 9368 | -1/Command | Found Prototype Device 9368 | -1/Command | Identified AEGIS Remote Shield 9391 | -1/Command | Met MAIN.C 9414 | -1/Command | Found Prototype Reactor 9414 | -1/Command | Identified Zero-point Reactor 9437 | -1/Command | MAIN.C's shell transforms into a squad of autonomous robots 9437 | -1/Command | Destroyed MAIN.C Shell 9437 | -1/Command | Spotted M Shell/Def 9437 | -1/Command | Spotted M Shell/Atk 9437 | -1/Command | Spotted M Shell/Def 9437 | -1/Command | Spotted M Shell/Atk 9437 | -1/Command | Spotted M Shell/Atk 9437 | -1/Command | Spotted M Shell/Def 9437 | -1/Command | Spotted M Shell/Atk 9437 | -1/Command | Spotted M Shell/Def 9439 | -1/Command | MAIN.C activated Command garrisons 9447 | -1/Command | Sigix Exoskeleton integrity reduced to 60% 9454 | -1/Command | Destroyed M Shell/Atk 9458 | -1/Command | Destroyed M Shell/Def 9465 | -1/Command | Core integrity fell below 50% 9466 | -1/Command | Sigix Exoskeleton integrity reduced to 40% 9467 | -1/Command | Destroyed MAIN.C 9473 | -1/Command | Destroyed M Shell/Def 9473 | -1/Command | Destroyed M Shell/Atk 9475 | -1/Command | Destroyed M Shell/Def 9475 | -1/Command | Destroyed M Shell/Atk 9480 | -1/Command | Discovered new exit (range 51) 9480 | -1/Command | Discovered new exit (range 90) 9480 | -1/Command | Extracted map data and part IDs from MAIN.C's data core 9494 | -1/Command | Destroyed M Shell/Def 9494 | -1/Command | 0b10 Conduit disabled 9515 | -1/Command | Destroyed 11 combat bots 9879 | -1/Command | Found Imp. Potential Cannon 10117 | -1/Command | Found Exp. Weapon Cycler 10147 | -1/Command | Assembled emerged from beneath the floor 10175 | -1/Command | Assembled emerged from beneath the floor 10212 | -1/Command | Phase Generator disabled 10282 | -1/Command | Assembled emerged from beneath the floor 10328 | -1/Command | Assembled emerged from beneath the floor 10372 | -1/Command | Assembled emerged from beneath the floor 10528 | -1/Command | Warped through subspace to slip node 10528 | -1/Command | Discovered new exit (range 5) 10534 | -1/Command | Entered Access_0 10535 | -1/Access_0 | Sensed 4 artifacts in vicinity 10535 | -1/Access_0 | Met Architect 10550 | -1/Access_0 | Subspace Access Node disabled 10559 | -1/Access_0 | Architect warped through subspace 10565 | -1/Access_0 | Destroyed A8 10600 | -1/Access_0 | Architect warped through subspace 10642 | -1/Access_0 | Subspace Access Node disabled 10647 | -1/Access_0 | Architect warped through subspace 10670 | -1/Access_0 | A6 warped into view 10680 | -1/Access_0 | Destroyed 11 combat bots 10683 | -1/Access_0 | Destroyed A6 10691 | -1/Access_0 | Found Integrated Reactor 10691 | -1/Access_0 | Installed Integrated Reactor, increased core energy generation (+10) 10698 | -1/Access_0 | Architect warped through subspace 10716 | -1/Access_0 | Subspace Access Node disabled 10724 | -1/Access_0 | Architect warped through subspace 10758 | -1/Access_0 | Architect warped through subspace 10780 | -1/Access_0 | A5 warped into view 10785 | -1/Access_0 | Destroyed A5 10794 | -1/Access_0 | Architect warped through subspace 10826 | -1/Access_0 | Destroyed 7 combat bots 10848 | -1/Access_0 | Architect warped through subspace 10850 | -1/Access_0 | Found Sigix Corpse 10862 | -1/Access_0 | Destroyed A2 10865 | -1/Access_0 | Extracted Singularity Gate Test 138-C access codes from A2's data core 10893 | -1/Access_0 | A4 warped into view 10896 | -1/Access_0 | Architect warped through subspace 10906 | -1/Access_0 | Destroyed A4 10923 | -1/Access_0 | Architect warped through subspace 10940 | -1/Access_0 | Started Test 138-B, establishing a local singularity 10940 | -1/Access_0 | Singularity Gate disabled 10948 | -1/Access_0 | Architect warped through subspace 10983 | -1/Access_0 | Subspace Access Node disabled 10991 | -1/Access_0 | Destroyed Architect 10993 | -1/Access_0 | Extracted unknown sensor trigger ID from Architect's data core 10994 | -1/Access_0 | Found Hpw. Transdimensional Reconstructor 10997 | -1/Access_0 | Found Prototype Protection 10997 | -1/Access_0 | Identified Centrium Linked Plating 11113 | -1/Access_0 | A3 warped into view 11120 | -1/Access_0 | Core integrity fell below 20% 11124 | -1/Access_0 | Destroyed A3 11128 | -1/Access_0 | Found Prototype Ballistic Gun 11128 | -1/Access_0 | Identified A3's Sniper Rifle 11211 | -1/Access_0 | Warped through subspace to slip node 11211 | -1/Access_0 | Discovered new exit (range 8) 11212 | -1/Access_0 | Found Hpw. Transdimensional Reconstructor 11212 | -1/Access_0 | Warped through subspace to slip node 11214 | -1/Access_0 | Warped through subspace to slip node 11218 | *** | Heading to fleet! Last Messages --------------- 11133_ Acquired 10 matter. 11182_ Quantum Shear penetrates Enhanced Sentry. 11186_ Destroyed Imp. Quantum Reactor. 11186_ Quantum Shear penetrates Enhanced Sentry. 11186_ Enhanced Sentry destroyed. 11186_ Quantum Shear penetrates Earth. 11195_ Quantum Shear penetrates Workstation. 11195_ Workstation disabled. 11195_ Quantum Shear penetrates Earth. 11211_ Warped through subspace, drawn to slip node. 11211_ EXIT=FOUND [Achievement: Rincewind] 11212_ Acquired Hpw. Transdimensional Reconstructor. 11212_ Warped through subspace, drawn to slip node. Map ----- +----------------------------------------------------+ | | | | | | | | | | | | | | | | | | | | | | | | | | | | | | | | | ???????????#############################?????????? | | ???????????#############################?????????? | | ??????????###############################????????? | | ?????????#################################???????? | | ?????????#################################???????? | | ?????????#################################???????? | | ????????###################################??????? | | ????????################# #################??????? | | ????????################ ################??????? | | ????????################ X ################??????? | | ????????################ ################??????? | | ???????################ #################?????? | | ???????################ #################??????? | | ???????################# ################??????? | | ???????################ #################?????? | | ???????################ #################??????? | | ??????################# < ################??????? | | ???????################ #################??????? | | ???????################# #################??????? | | ???????####################################??????? | | ???????###################################???????? | | ???????###################################???????? | | ????????##################################???????? | | ????????#################################????????? | | ????????#################################????????? | | ?????????###############################?????????? | | ??????????#############################??????????? | | ??????????#############################??????????? | | ???????????###########################???????????? | | ????????????#########################????????????? | | ?????????????#######################?????????????? | | ???????????????###################???????????????? | | ????????????????#################????????????????? | | ???????????????????###########???????????????????? | +----------------------------------------------------+ Best States ------------- Heat Dissipation 182 Energy Generation 85 Energy Capacity 340 Matter Stores 300 Matter Capacity 300 Sight Range 22 Robot Scan Range 18 Terrain Scan Density 10 Cloak Strength 2 Power Amplification 30 Armor Coverage 600 Resistance: KI 50 Resistance: TH 50 Resistance: EX 50 Resistance: EM 50 Resistance: I 50 Resistance: S 50 Resistance: P 50 Propulsion Shielding 90 Point Defense Rating 240 Weapon Cycling 30 Phase Shifting 15 Evasion (%) 98 Targeting Accuracy 12 Core Analysis 12 Armor Integrity Analysis 40 Recoil Reduction 2 Offensive Hacking 34 Defensive Hacking 25 Item Schematics ----------------- Enh. Nova Cannon | -2/Research | Hacked Tesla Bomb Launcher | -2/Section 7 | Archive Exp. Cooling System | -2/Section 7 | Archive Robot Schematics ------------------ None Fabricated ------------ Nothing Repaired ---------- Imp. Medium Armor Plating | 27% | -6/Extension VTOL Module | 4% | -5/Factory VTOL Module | 12% | -5/Factory VTOL Module | 16% | -5/Factory VTOL Module | 48% | -5/Factory Imp. Light Armor Plating | 52% | -5/Factory Hvy. Pick | 62% | -5/Factory Exp. Propulsion Shielding | 34% | -3/Research Centrium Medium Armor Plating | 54% | -3/Research Alien Tech Used ----------------- Integrated Dissipator Transdimensional Reconstructor Integrated Mediator Core Regenerator Core Reset Matrix Dimensional Node Initializer High-powered Transdimensional Reconstructor Integrated Thermoelectric Network Core Membrane Subatomic Replicator LRC Storage Sigix Exoskeleton Sigix Sheargun Sigix Shearcannon Integrated Reactor Achievements -------------- Rincewind Challenges ------------ None Game ------ Seed SupersonicAssaultAutohacker Manual? 1 Play Time 03:08:14 Cumulative 1194.0 hours Start 2025.06.15 @ 11:09:59 End 2025.06.15 @ 14:51:18 Sessions 1 Manual Loads 0 Difficulty Rogue Special Mode None Game No. 533 Rogue 532 Adventurer 1 Explorer 0 Win Type 2 Total 192 Types 56/16/30/5/2/1/75/3/2/2 Lore% 98 Gallery% 99 Achievement% 94 Wizard Run 0 Options --------- Layout 2 ASCII 0 Keyboard 1 Movement Numpad Keybinds 0 Fullscreen 0 Font 24/Terminus Map View 50x44 Zoom Use 0% Tactical HUD 1 Map Filters NONE Filters NONE Steam 1 RUN: dab7ded0-fae1-48da-8418-78364b1b9b2e